 Dungeon Crawl Stone Soup version 0.29.1-13-g9f3cf754e1 (webtiles) character file.

Game seed: 4750590477859501543

228 shadowmeld the Insei (level 6, -4/63 HPs)
             Began as a Djinni Transmuter on Jan 31, 2023.
             Was an Initiate of the Shining One.
             Killed from afar by Pikel (7 damage)
             ... with a puff of flame
             ... on level 4 of the Dungeon.
             The game lasted 00:10:37 (3764 turns).

shadowmeld the Insei (Djinni Transmuter)            Turns: 3764, Time: 00:10:39

Health: -4/63      AC: 23    Str:  9    XL:     6   Next: 23%
Gold:   168        EV:  2    Int: 17    God:    the Shining One [......] SH:  0 Dex: 13

rFire   . . .      SeeInvis .   l - +4 short sword (holy)
rCold   . . .      Faith    .   (no shield)
rNeg    . . .      Spirit   .   (body armour currently unavailable)
rPois   ∞          Reflect  .   (helmet currently unavailable)
rElec   .          Harm     .   (cloak currently unavailable)
rCorr   .          Rampage  .   (gloves currently unavailable)
Will    .....      NoTele   +   (boots unavailable)
Stlth   +.........              e - amulet of the acrobat
HPRegen 0.20/turn               (no ring)
MPRegen 0.00/turn               (no ring)

@: tree-form, glowing
A: stationary, stasis, torment immunity, boosted hp, sickness immunity, (fire
resistance 2), (cold vulnerability 1), float, innate caster, HP casting, extra
vitality 1
a: Renounce Religion


You were on level 4 of the Dungeon.
You worshipped the Shining One.
The Shining One was noncommittal.
You were a tree.
You visited 1 branch of the dungeon, and saw 4 of its levels.

You collected 168 gold pieces.

Inventory:

Hand Weapons
 l - a +4 short sword of holy wrath (weapon)
Missiles
 v - 5 poisoned darts
Armour
 a - a +0 robe (melded)
 p - a scarf of shadows (melded)
Jewellery
 e - an amulet of the acrobat (around neck)
Wands
 m - a wand of digging (7)
 s - a wand of charming (9)
Scrolls
 d - 2 scrolls of identify {unknown}
 h - 2 scrolls of magic mapping {unknown}
 i - 2 scrolls of blinking {unknown}
 j - 3 scrolls of teleportation {unknown}
 k - a scroll of immolation {unknown}
 n - a scroll of vulnerability {unknown}
 r - a scroll of brand weapon {unknown}
 t - a scroll of poison {unknown}
 u - a scroll of noise {unknown}
Potions
 b - a potion of lignification
 c - a potion of cancellation {unknown}
 f - 3 potions of brilliance {unknown}
 g - 2 potions of curing {unknown}
 o - 2 potions of flight {unknown}
 q - a potion of might {unknown}
 w - a potion of haste {unknown}


   Skills:
 + Level 1.4 Fighting
 * Level 2.0 Short Blades
 + Level 3.2 Dodging
 - Level 0.1 Stealth
 - Level 3.6 Unarmed Combat
 + Level 3.2 Spellcasting


You couldn't memorise any spells.
You knew the following spells:

 Your Spells              Type           Power      Damage    Failure   Level
a - Beastly Appendage     Tmut           26%        N/A       4%          1
b - Wereblood             Tmut           13%        N/A       7%          2
c - Spider Form           Tmut/Pois      13%        N/A       13%         3
d - Ice Form              Ice/Tmut       13%        N/A       41%         4
e - Sandblast             Erth           26%        2d8       4%          1
f - Searing Ray           Conj           26%        2d5       7%          2
Your spell library was empty.

Dungeon Overview and Level Annotations

Branches:
Dungeon (4/15)
 Temple: D:4-7

Altars:
The Shining One

Annotations:
D:4 Pikel


Innate Abilities, Weirdness & Mutations

You are a tree.
Your roots penetrate the ground, keeping you stationary.
You cannot be teleported.
You are immune to unholy pain and torment.
Your maximum health is greatly increased.
Your equipment is partially melded.
You are immune to sickness and miasma.
You are immune to poison.
((Your flesh is very heat resistant. (rF++)))
((You are vulnerable to cold. (rC-)))
You float through the air rather than walking.
You learn spells naturally, not from books.
Your magical power is your life essence.
You have superior vitality. (+4 MHP)


Message History

Aim: a lemure (moderately wounded, 77% to hit)
The blast of sand hits the lemure but does no damage.
The lemure is moderately wounded.
Pikel, Merchant of Souls comes into view.
He is wielding a +2 whip of flaming and carrying a wand of flame (18).
The lemure attacks as you move away! The lemure closely misses you.
You see here a hobgoblin corpse.
The lemure attacks as you move away! The lemure completely misses you.
The lemure completely misses you.
Pikel zaps a wand.
The puff of flame misses you. The dart slug launches a dart at you.
The slug dart misses you. The lemure hits you.
The lemure attacks as you move away! The lemure misses you.
Pikel hits you with a +2 whip of flaming!
Pikel burns you.
You barely miss Pikel. The dart slug barely misses you. The lemure hits you. x2
Pikel closely misses you.
You closely miss Pikel. The dart slug closely misses you. The lemure hits you.
Pikel hits you with a +2 whip of flaming!
* * * LOW HITPOINT WARNING * * *
Really quaff the potion of lignification?
You turn into a tree.
Your scarf of shadows melds into your body.
Your +0 robe melds into your body.
The dungeon's light returns to normal.
Your roots penetrate the ground.
The lemure hits you.
* * * LOW HITPOINT WARNING * * *
The lemure hits you but does no damage.
Pikel hits you with a +2 whip of flaming.
* * * LOW HITPOINT WARNING * * *
Pikel burns you.
* * * LOW HITPOINT WARNING * * *
You barely miss Pikel.
The dart slug bites you but does no damage.
The lemure hits you but does no damage. x3; Pikel completely misses you.
You hit Pikel but do no damage.
The dart slug bites you but does no damage.
The lemure hits you but does no damage. The lemure hits you.
* * * LOW HITPOINT WARNING * * *
The lemure hits you but does no damage.
Pikel zaps a wand.
The puff of flame hits you!
You die...

## .. ..###.
..... ......
......#####......
......#..#.......
.................
........5♣K......
........55w......
.................
.......#.....$###
...#..........#
##.##†......#
#..#....###..
..#..<..## #..
.......###


You could see Pikel, 3 lemures and a dart slug.

Vanquished Creatures
  A lemure (D:4)
  A scorpion (D:3)
  A water moccasin zombie (D:3)
  A scorpion zombie (D:3)
  4 adders
  A dart slug (D:1)
  7 bats
  3 endoplasms
  3 giant cockroaches
  5 goblins
  7 hobgoblins
  9 kobolds
  A quokka (D:1)
  3 ball pythons
  A ball python skeleton (D:3)
  2 frilled lizards
  4 rats
54 creatures vanquished.

Notes
Turn   | Place    | Note
-------+----------+-------------------------------------------
     0 | D:1      | shadowmeld the Djinni Transmuter began the quest for the
                  | Orb.
     0 | D:1      | shadowmeld set off with the following spells memorised:
                  | Beastly Appendage, Wereblood, Spider Form, Ice Form.
     0 | D:1      | Reached XP level 1. HP: 17/17 MP: 0/0
   506 | D:1      | Reached XP level 2. HP: 19/22 MP: 0/0
  1060 | D:1      | Reached XP level 3. HP: 21/27 MP: 0/0
  1060 | D:1      | Learned a level 1 spell: Sandblast
  1393 | D:2      | Found a faded altar of an unknown god.
  2396 | D:3      | Reached skill level 1 in Short Blades
  2396 | D:3      | Reached XP level 4. HP: 31/32 MP: 0/0
  2533 | D:3      | Reached XP level 5. HP: 24/37 MP: 0/0
  2533 | D:3      | Learned a level 2 spell: Searing Ray
  2808 | D:3      | Found a glowing golden altar of the Shining One.
  2857 | D:3      | Became a worshipper of the Shining One
  2876 | D:3      | Reached XP level 6. HP: 30/42 MP: 0/0
  3753 | D:4      | Noticed Pikel
  3764 | D:4      | HP: 3/63 [lemure[Pikel] (4)]
  3764 | D:4      | Killed from afar by Pikel

Illustrated notes

Levels and vault maps discovered:
D:1:      dpeg_arrival_round_a, layout_rooms
D:2:      layout_loops_ring, basic_ecumenical_altar, st_stairs_7
D:3:      layout_loops_corners, mainiacjoe_overflow_24_doors, serial_undead,
          serial_undead_a, serial_undead_c, serial_undead_e, serial_undead_e
D:4:      layout_cave_pools, serial_shops, kennysheep_mini,
          kennysheep_generic_room_14, uniq_pikel, uniq_blork_the_orc,
          uniq_menkaure

Skill      XL: |  1  2  3  4  5  6 |
---------------+-------------------+-----
Short Blades   | 1 2 |  2.0
Spellcasting   | 2 3 |  3.2
Dodging        | 3 |  3.2
Fighting       | |  1.4
Stealth        | |  0.1
Unarmed Combat | |  3.6

Action                   |  1- 3 |  4- 6 || total
-------------------------+-------+-------++-------
Melee: Unarmed           |    73 |       ||    73
       Headbutt          |     7 |       ||     7
       Punch             |     1 |     3 ||     4
       Short sword       |     2 |    34 ||    36
 Cast: Beastly Appendage |    11 |     1 ||    12
       Sandblast         |    21 |    29 ||    50
  Use: Potion            |       |     2 ||     2
Armor: Robe              |    10 |     3 ||    13
       Skin              |       |    22 ||    22
Dodge: Dodged            |    47 |    19 ||    66
